[Event "25th Abu Dhabi Master 2018"]
[Site "Abu Dhabi"]
[Date "2018.08.08"]
[Round "2"]
[White "Siva, Mahadevan"]
[Black "Srinivasa Rao, M.."]
[Result "1/2-1/2"]
[ECO "C42"]
[WhiteElo "2331"]
[BlackElo "2160"]
[Annotator "NA"]
[PlyCount "133"]
[EventDate "2018.08.05"]
[EventType "swiss"]
[EventCountry "UAE"]
[SourceTitle "playchess.com"]
[Source "ChessBase"]
[SourceQuality "1"]
[TimeControl "5400+30"]

1. e4 e5 2. Nf3 Nf6 3. Nxe5 d6 4. Nf3 Nxe4 5. Nc3 Nxc3 6. dxc3 Be7 7. Be3 Nd7 8. Qd2 Ne5 9. Be2 O-O 10. O-O-O Ng4 11. Bd3 Nxe3 12. Qxe3 Re8 13. h4 Bd7 14. Qf4 Bf6 15. Kb1 a5 16. g4 Be5 17. Bxh7+ Kf8 18. Nxe5 dxe5 19. Qf3 Qc8 20. Bf5 Bxf5 21. gxf5 Ra6 22. Rhg1 Rh6 23. h5 Rd8 24. Rde1 f6 25. Rg6 Qd7 26. Reg1 Qd5 27. Qg4 Rxg6 28. hxg6 Ke7 29. b3 Qc5 30. Qh4 Ke8 31. Rh1 Rd7 32. Qh8+ Qf8 33. Kc1 e4 34. Qxf8+ Kxf8 35. Rh8+ Ke7 36. Rg8 Kd6 37. Re8 Re7 38. Rf8 Re5 39. Rf7 Rxf5 40. Rxg7 Rxf2 41. Rf7 Ke6 42. Rxc7 e3 43. Rc8 Rg2 44. Re8+ Kd7 45. Rxe3 Rxg6 46. Kd2 Kd6 47. Kd3 Rg2 48. a4 Rf2 49. Kc4 Rxc2 50. Kb5 Rb2 51. c4 f5 52. Kxa5 Kc5 53. Rf3 f4 54. Rd3 b6+ 55. Ka6 Kb4 56. Kxb6 Rxb3 57. Rd4 Kxa4+ 58. Kc6 f3 59. Rf4 Ka5 60. c5 Rc3 61. Kd6 Kb5 62. Rf5 Rd3+ 63. Kc7 Rc3 64. c6+ Rc5 65. Rf6 f2 66. Kb7 Rxc6 67. Re6 1/2-1/2

[Event "25th Abu Dhabi Master 2018"]
[Site "Abu Dhabi"]
[Date "2018.08.08"]
[Round "2"]
[White "Mithil, Ajgaonkar"]
[Black "Thompson, Ian D"]
[Result "1-0"]
[ECO "D45"]
[WhiteElo "2318"]
[BlackElo "2156"]
[Annotator "NA"]
[PlyCount "99"]
[EventDate "2018.08.05"]
[EventType "swiss"]
[EventCountry "UAE"]
[SourceTitle "playchess.com"]
[Source "ChessBase"]
[SourceQuality "1"]
[TimeControl "5400+30"]

1. d4 d5 2. c4 c6 3. e3 Nf6 4. Nc3 e6 5. Nf3 Nbd7 6. Qc2 Bd6 7. b3 O-O 8. Be2 Re8 9. O-O Qe7 10. Bb2 b6 11. Nd2 c5 12. Bf3 Bb7 13. Rfe1 Rac8 14. Rad1 Bb8 15. Nf1 Nf8 16. cxd5 exd5 17. dxc5 Qxc5 18. Qf5 Be5 19. Na4 Qd6 20. Bxe5 Rxe5 21. Qb1 Qe7 22. Ng3 Ne4 23. Qa1 b5 24. Nb2 Qf6 25. Nd3 Ree8 26. Qxf6 Nxf6 27. Nf5 Rcd8 28. Nc5 Bc8 29. Nd4 a6 30. Nd3 Ne6 31. Nc6 Rd6 32. Ndb4 Bd7 33. Nd4 g6 34. h4 a5 35. Nd3 Nxd4 36. exd4 Ne4 37. Rc1 b4 38. Rc7 Rc8 39. Rec1 Nc3 40. Rxc8+ Bxc8 41. a3 Bf5 42. axb4 axb4 43. Nxb4 Nb5 44. Nc6 Be4 45. Be2 Na3 46. Rc5 Kg7 47. b4 Nc2 48. b5 Rd7 49. f3 Bf5 50. g4 1-0

[Event "25th Abu Dhabi Master 2018"]
[Site "Abu Dhabi"]
[Date "2018.08.08"]
[Round "2"]
[White "Kigigha, Bomo"]
[Black "Michelle Catherina, P."]
[Result "1-0"]
[ECO "A13"]
[WhiteElo "2317"]
[BlackElo "2153"]
[Annotator "NA"]
[PlyCount "127"]
[EventDate "2018.08.05"]
[EventType "swiss"]
[EventCountry "UAE"]
[SourceTitle "playchess.com"]
[Source "ChessBase"]
[SourceQuality "1"]
[TimeControl "5400+30"]

1. c4 Nf6 2. g3 e6 3. Nf3 d5 4. Bg2 dxc4 5. Na3 Bxa3 6. Qa4+ b5 7. Qxa3 Bb7 8. b3 cxb3 9. Qxb3 a6 10. a4 Bd5 11. Qb1 Nbd7 12. O-O Rb8 13. axb5 axb5 14. d3 O-O 15. e4 Ba8 16. Ra7 Re8 17. Bf4 e5 18. Be3 c5 19. Qb3 Qb6 20. Rfa1 Bb7 21. Bh3 h6 22. R1a5 Bc8 23. Nh4 Qc6 24. Nf5 c4 25. Qb4 cxd3 26. Ne7+ Rxe7 27. Qxe7 Bb7 28. Qb4 Bc8 29. Ra1 Nf8 30. Rc1 Qe8 31. Re7 Qd8 32. Bxc8 Rxc8 33. Rxc8 Qxc8 34. Rxe5 Qc4 35. Rxb5 Qxe4 36. Qxe4 Nxe4 37. Rd5 d2 38. f3 Nf6 39. Rxd2 Ne6 40. Bd4 Nxd4 41. Rxd4 g6 42. Rd8+ Kg7 43. g4 Nh7 44. Kf2 Ng5 45. Ra8 Kf6 46. Kg3 Ne6 47. f4 Nd4 48. Ra6+ Ne6 49. h4 Kg7 50. f5 gxf5 51. gxf5 Nc5 52. Rc6 Nd7 53. Kf4 Nf6 54. Ra6 Nd7 55. Rc6 Nf6 56. Rc1 Nd7 57. Rd1 Nb6 58. Rd4 Nc8 59. Ke5 h5 60. Rb4 Kh7 61. Rb8 Ne7 62. Kf6 Nd5+ 63. Kxf7 Ne3 64. Kf6 1-0

[Event "25th Abu Dhabi Master 2018"]
[Site "Abu Dhabi"]
[Date "2018.08.08"]
[Round "2"]
[White "Hamidi, Amir Mohammad"]
[Black "Moayed, Obied"]
[Result "1-0"]
[ECO "D56"]
[WhiteElo "2299"]
[BlackElo "2146"]
[Annotator "NA"]
[PlyCount "131"]
[EventDate "2018.08.05"]
[EventType "swiss"]
[EventCountry "UAE"]
[SourceTitle "playchess.com"]
[Source "ChessBase"]
[SourceQuality "1"]
[TimeControl "5400+30"]

1. d4 d5 2. c4 e6 3. Nc3 Be7 4. Nf3 Nf6 5. Bg5 h6 6. Bh4 O-O 7. e3 Ne4 8. Bxe7 Qxe7 9. Qc2 Nxc3 10. Qxc3 dxc4 11. Bxc4 b6 12. O-O Bb7 13. Be2 c5 14. dxc5 Rc8 15. b4 bxc5 16. b5 Nd7 17. a4 Nf6 18. a5 Ne4 19. Qa3 Qf6 20. Rac1 Rd8 21. Rc2 Rac8 22. Rfc1 Rc7 23. Qb2 Rcd7 24. Qxf6 gxf6 25. Ne1 Nd2 26. Rb2 c4 27. a6 Ba8 28. f3 Rc7 29. Rbc2 Nb3 30. Rb1 Nd2 31. Rbc1 Nb3 32. Rxc4 Nxc1 33. Rxc7 Nxe2+ 34. Kf1 Bd5 35. Kxe2 Rb8 36. e4 Bb3 37. Rb7 Rd8 38. Ke3 Bc4 39. b6 Bxa6 40. Rxa7 Bb5 41. Ra5 Bc6 42. Rc5 Rd6 43. Nd3 Bb7 44. Rb5 Kf8 45. Nc5 Bc6 46. b7 Bxb7 47. Rxb7 Kg7 48. Nd3 Ra6 49. Kf2 Ra3 50. Nf4 Ra2+ 51. Kg3 Ra6 52. Rb8 Ra5 53. Kh4 f5 54. Nh5+ Kh7 55. e5 Rxe5 56. Rf8 Re2 57. Rxf7+ Kg8 58. Rg7+ Kf8 59. Kg3 e5 60. Rg6 e4 61. Rf6+ Kg8 62. Rxf5 exf3 63. Rxf3 Ra2 64. Rb3 Kh8 65. Rb7 Ra6 66. Kf4 1-0

[Event "25th Abu Dhabi Master 2018"]
[Site "Abu Dhabi"]
[Date "2018.08.08"]
[Round "2"]
[White "Shailesh, Dravid"]
[Black "Sarvesh Kumar, A."]
[Result "1-0"]
[ECO "C92"]
[WhiteElo "2290"]
[BlackElo "2145"]
[Annotator "NA"]
[PlyCount "86"]
[EventDate "2018.08.05"]
[EventType "swiss"]
[EventCountry "UAE"]
[SourceTitle "playchess.com"]
[Source "ChessBase"]
[SourceQuality "1"]
[TimeControl "5400+30"]

1. e4 e5 2. Nf3 Nc6 3. Bb5 a6 4. Ba4 Nf6 5. O-O Be7 6. Re1 b5 7. Bb3 d6 8. c3 O-O 9. h3 Re8 10. d4 Bb7 11. Nbd2 Bf8 12. a3 h6 13. Bc2 Nb8 14. b3 Nbd7 15. a4 g6 16. Bd3 c6 17. Qc2 Qb6 18. Bb2 Nh5 19. c4 Nf4 20. Bf1 Bg7 21. a5 Qd8 22. g3 Ne6 23. d5 cxd5 24. exd5 Nc7 25. Ne4 Nf6 26. Nc3 Rc8 27. Qd2 bxc4 28. bxc4 Ne6 29. dxe6 Bxf3 30. exf7+ Kxf7 31. Nd5 Rc5 32. Nb6 Qc7 33. Ba3 Rc6 34. c5 d5 35. Bxa6 Rd8 36. Bb5 Re6 37. c6 e4 38. Rac1 Re5 39. Qf4 Kg8 40. Qxe5 Qxe5 41. c7 Qh5 42. cxd8=Q+ Kh7 43. Bf1 Bg4 1-0

[Event "25th Abu Dhabi Master 2018"]
[Site "Abu Dhabi"]
[Date "2018.08.08"]
[Round "2"]
[White "Hejazipour, Mitra"]
[Black "Rapport, Jovana"]
[Result "0-1"]
[ECO "E17"]
[WhiteElo "2285"]
[BlackElo "2354"]
[Annotator "NA"]
[PlyCount "124"]
[EventDate "2018.08.05"]
[EventType "swiss"]
[EventCountry "UAE"]
[SourceTitle "playchess.com"]
[Source "ChessBase"]
[SourceQuality "1"]
[TimeControl "5400+30"]

1. d4 e6 2. Nf3 Nf6 3. c4 b6 4. g3 Bb7 5. Bg2 Be7 6. Nc3 Ne4 7. Qc2 Nxc3 8. Qxc3 a5 9. O-O O-O 10. Qc2 d6 11. Ng5 Bxg5 12. Bxb7 Ra7 13. Bg2 c6 14. Rd1 d5 15. h4 Bxc1 16. Raxc1 f5 17. e3 g5 18. hxg5 Qxg5 19. Kf1 h5 20. Ke2 Rh7 21. Rh1 h4 22. gxh4 Rxh4 23. Rxh4 Qxh4 24. cxd5 Qh2 25. dxc6 Qxg2 26. c7 Qg4+ 27. Kf1 Rc8 28. cxb8=Q Rxb8 29. Qe2 Qh3+ 30. Ke1 Kf7 31. Rc7+ Kf6 32. Qb5 Qh1+ 33. Ke2 Qh5+ 34. Ke1 Qh1+ 35. Qf1 Qh2 36. Rc2 Rg8 37. Qe2 Rg1+ 38. Kd2 Qh1 39. Kc3 Ra1 40. Qb5 Rc1 41. Qe5+ Kf7 42. Rxc1 Qxc1+ 43. Kb3 a4+ 44. Ka3 Qc4 45. Qd6 b5 46. Qc5 Qe2 47. Qc3 Qxf2 48. Kb4 Qe2 49. Ka5 Kg6 50. a3 Kg5 51. Kb6 Kg4 52. Qb4 Qxe3 53. Kxb5 Qb3 54. Ka5 f4 55. Qf8 f3 56. Qg7+ Kh3 57. Qh6+ Kg2 58. Qg5+ Kf1 59. Qc1+ Ke2 60. Qf4 f2 61. Qg4+ Qf3 62. Qxe6+ Kd1 0-1

[Event "25th Abu Dhabi Master 2018"]
[Site "Abu Dhabi"]
[Date "2018.08.08"]
[Round "2"]
[White "Mansour, Sameer"]
[Black "Srihari, LR."]
[Result "0-1"]
[ECO "B12"]
[WhiteElo "2275"]
[BlackElo "2135"]
[Annotator "NA"]
[PlyCount "122"]
[EventDate "2018.08.05"]
[EventType "swiss"]
[EventCountry "UAE"]
[SourceTitle "playchess.com"]
[Source "ChessBase"]
[SourceQuality "1"]
[TimeControl "5400+30"]

1. e4 c6 2. d4 d5 3. e5 Bf5 4. Nc3 e6 5. g4 Bg6 6. Nge2 f6 7. Nf4 fxe5 8. Nxg6 hxg6 9. dxe5 Nd7 10. Bf4 Bc5 11. Bd3 Ne7 12. Qe2 Qc7 13. Bg3 Bd4 14. f4 O-O-O 15. Nd1 g5 16. c3 gxf4 17. cxd4 fxg3 18. Nc3 Rdf8 19. O-O-O Qb6 20. Bc2 a6 21. Qd2 Rxh2 22. Rxh2 gxh2 23. Qxh2 c5 24. Na4 Qc7 25. Qh4 Nc6 26. dxc5 Qxe5 27. Kb1 Nd4 28. Qe7 Rh8 29. Nb6+ Nxb6 30. cxb6 Nxc2 31. Qc5+ Kd8 32. Qxc2 Rh2 33. Qb3 Qe4+ 34. Ka1 Qc2 35. Rf1 Rf2 36. Rh1 Qxb3 37. axb3 Rf6 38. Rc1 e5 39. Rc7 Rxb6 40. Rxg7 Rxb3 41. Kb1 Kc8 42. Kc2 Rg3 43. g5 e4 44. g6 d4 45. Re7 Rg2+ 46. Kd1 Rg1+ 47. Kd2 Rg2+ 48. Kd1 Rxg6 49. Rxe4 Rd6 50. Kd2 Kc7 51. Kd3 Kc6 52. Re5 Rd5 53. Re7 b6 54. Re1 Kb5 55. Rc1 a5 56. b3 Kb4 57. Rb1 Rd6 58. Rb2 Ka3 59. Rb1 Ka2 60. Rh1 Kxb3 61. Rb1+ Ka3 0-1

[Event "25th Abu Dhabi Master 2018"]
[Site "Abu Dhabi"]
[Date "2018.08.08"]
[Round "2"]
[White "Mohota, Nisha"]
[Black "Mohamed, Faisal"]
[Result "1/2-1/2"]
[ECO "D11"]
[WhiteElo "2268"]
[BlackElo "2134"]
[Annotator "NA"]
[PlyCount "141"]
[EventDate "2018.08.05"]
[EventType "swiss"]
[EventCountry "UAE"]
[SourceTitle "playchess.com"]
[Source "ChessBase"]
[SourceQuality "1"]
[TimeControl "5400+30"]

1. d4 d5 2. c4 c6 3. Nf3 Nf6 4. e3 e6 5. b3 Bb4+ 6. Nbd2 Nbd7 7. Bd3 O-O 8. O-O Re8 9. Bb2 Qa5 10. a3 Bxd2 11. Qxd2 Qxd2 12. Nxd2 e5 13. cxd5 Nxd5 14. Nc4 exd4 15. Bxd4 N7f6 16. Nd6 Rd8 17. Nxc8 Raxc8 18. Bf5 Ra8 19. Rfd1 Ne7 20. Bc2 Ned5 21. e4 Nf4 22. Be5 Ne6 23. b4 Rxd1+ 24. Rxd1 Rd8 25. Rxd8+ Nxd8 26. Bd4 a6 27. h3 Ne6 28. Be3 g5 29. g3 g4 30. hxg4 Nxg4 31. Ba7 Ne5 32. f4 Nd4 33. Ba4 Ne2+ 34. Kf2 Nc3 35. Bb3 Nd7 36. e5 Kf8 37. Be3 Ke7 38. Kf3 b6 39. Bc1 c5 40. Bb2 Nb5 41. Ke4 Nc7 42. f5 b5 43. Bd1 cxb4 44. axb4 Nb6 45. Bd4 Nc4 46. Bc5+ Kd7 47. Bh5 Nd2+ 48. Kd3 Nc4 49. Kd4 Nd2 50. Bd6 Ne8 51. Bb8 Ng7 52. Bg4 Nc4 53. Ba7 h5 54. Bh3 Nd2 55. Kd5 Nc4 56. Bc5 Nd2 57. e6+ fxe6+ 58. fxe6+ Kd8 59. Kc6 Ne4 60. e7+ Ke8 61. Bd4 Kxe7 62. Bxg7 Nxg3 63. Kb6 Ne2 64. Kxa6 Nf4 65. Bf5 Kd6 66. Kxb5 h4 67. Bh6 Nd5 68. Bg7 Nf4 69. Kc4 h3 70. Bh6 Ke5 71. Bxf4+ 1/2-1/2

[Event "25th Abu Dhabi Master 2018"]
[Site "Abu Dhabi"]
[Date "2018.08.08"]
[Round "2"]
[White "Aaryan, Varshney"]
[Black "Ali, Nehad"]
[Result "1-0"]
[ECO "D46"]
[WhiteElo "2261"]
[BlackElo "2113"]
[Annotator "NA"]
[PlyCount "55"]
[EventDate "2018.08.05"]
[EventType "swiss"]
[EventCountry "UAE"]
[SourceTitle "playchess.com"]
[Source "ChessBase"]
[SourceQuality "1"]
[TimeControl "5400+30"]

1. d4 d5 2. c4 e6 3. Nc3 c6 4. e3 Nf6 5. Nf3 Nbd7 6. Bd3 a6 7. a4 Bb4 8. O-O O-O 9. Bd2 Re8 10. Nxd5 Nxd5 11. cxd5 Bxd2 12. dxe6 Ba5 13. exd7 Bxd7 14. Ne5 Be6 15. f4 Bb6 16. Qh5 g6 17. Qh6 f5 18. Rf3 Qf6 19. h4 Re7 20. h5 Qg7 21. Qg5 gxh5 22. Qh4 Kf8 23. Rg3 Qh6 24. Rg5 Qf6 25. Rg8+ Kxg8 26. Qxf6 Rae8 27. Bxf5 Bd5 28. Bd7 1-0

[Event "25th Abu Dhabi Master 2018"]
[Site "Abu Dhabi"]
[Date "2018.08.08"]
[Round "2"]
[White "Alinasab, Mobina"]
[Black "Mayank, Pal"]
[Result "1-0"]
[ECO "C42"]
[WhiteElo "2259"]
[BlackElo "2100"]
[Annotator "NA"]
[PlyCount "117"]
[EventDate "2018.08.05"]
[EventType "swiss"]
[EventCountry "UAE"]
[SourceTitle "playchess.com"]
[Source "ChessBase"]
[SourceQuality "1"]
[TimeControl "5400+30"]

1. e4 e5 2. Nf3 Nf6 3. Nxe5 d6 4. Nf3 Nxe4 5. d3 Nf6 6. d4 d5 7. Bd3 Bd6 8. O-O O-O 9. Re1 Bg4 10. Bg5 Nc6 11. c3 h6 12. Bh4 Bf4 13. h3 Bxf3 14. Qxf3 Qd6 15. Bxf6 Qxf6 16. Qxd5 Rfe8 17. Na3 g6 18. Qf3 Kg7 19. g3 Bd6 20. Qxf6+ Kxf6 21. Nb5 a6 22. Nxd6 cxd6 23. Be4 Rec8 24. Bd5 Rc7 25. Re3 Rf8 26. Rae1 Ne7 27. Bb3 h5 28. Kg2 b5 29. g4 hxg4 30. hxg4 Nc6 31. Bd5 Na5 32. Re8 Rxe8 33. Rxe8 Nc4 34. Bxc4 bxc4 35. Rb8 Ke6 36. Rb6 Ra7 37. Kf3 Kd5 38. Ke3 Re7+ 39. Kd2 Ra7 40. b3 cxb3 41. axb3 Ke6 42. c4 Kd7 43. Kc3 a5 44. Kb2 f5 45. gxf5 gxf5 46. Ka3 Ra8 47. Ka4 Rh8 48. c5 dxc5 49. dxc5 Rh2 50. Rd6+ Kc7 51. Kxa5 Rxf2 52. b4 f4 53. Kb5 f3 54. Rf6 Rf1 55. Rf7+ Kd8 56. c6 f2 57. c7+ Ke8 58. c8=Q+ Kxf7 59. Qc4+ 1-0

[Event "25th Abu Dhabi Master 2018"]
[Site "Abu Dhabi"]
[Date "2018.08.08"]
[Round "2"]
[White "Navalgund, Niranjan"]
[Black "Panda, Sambit"]
[Result "1/2-1/2"]
[ECO "E06"]
[WhiteElo "2255"]
[BlackElo "2043"]
[Annotator "NA"]
[PlyCount "208"]
[EventDate "2018.08.05"]
[EventType "swiss"]
[EventCountry "UAE"]
[SourceTitle "playchess.com"]
[Source "ChessBase"]
[SourceQuality "1"]
[TimeControl "5400+30"]

1. d4 d5 2. Nf3 Nf6 3. c4 e6 4. g3 Be7 5. Bg2 O-O 6. O-O dxc4 7. Qc2 a6 8. a4 Bd7 9. Rd1 Bc6 10. Bg5 a5 11. Nbd2 Na6 12. Bxf6 Bxf6 13. e4 Qd7 14. Qxc4 Rfd8 15. Bh3 Nb4 16. d5 exd5 17. Bxd7 dxc4 18. Bxc6 Bxb2 19. Bxb7 Rab8 20. Rab1 c3 21. Nb3 Nd3 22. Ne1 Nxe1 23. Rxd8+ Rxd8 24. Rxe1 Rb8 25. Bd5 c6 26. Re2 cxd5 27. exd5 Kf8 28. Nxa5 Re8 29. Rc2 Re1+ 30. Kg2 Ra1 31. Nc4 Rxa4 32. Nxb2 cxb2 33. Rxb2 Ra7 34. Kf3 Ke7 35. Rb6 Ra3+ 36. Kg4 Ra2 37. Rb7+ Ke8 38. Kf3 Rd2 39. Rb5 Ra2 40. Ke3 Ke7 41. Rb7+ Kf6 42. h4 Ra3+ 43. Ke4 Ra2 44. Kf3 Rd2 45. Rd7 h5 46. Ke3 Rd1 47. f3 Rg1 48. Kf4 Ra1 49. Rd6+ Ke7 50. Rb6 g6 51. Rb7+ Kf6 52. Rb4 Rd1 53. Ke4 Rg1 54. Ke3 Ke5 55. Kf2 Rd1 56. Rb7 Rxd5 57. Rxf7 Ke6 58. Rf4 Rd2+ 59. Ke3 Ra2 60. Rb4 Kf5 61. Rf4+ Ke5 62. Re4+ Kf5 63. Rd4 Rg2 64. Ra4 Rb2 65. Ra5+ Kf6 66. Rd5 Rb4 67. Rd4 Rb5 68. Ra4 Kf5 69. Rf4+ Ke5 70. Rd4 Rb3+ 71. Rd3 Rb4 72. Ra3 Rb5 73. Rc3 Kf5 74. Kd4 Rb4+ 75. Kc5 Rb2 76. Kd6 Kf6 77. Rc5 Rb3 78. g4 Rd3+ 79. Rd5 Rxf3 80. g5+ Kg7 81. Ke6 Rf4 82. Rd7+ Kg8 83. Ra7 Rf2 84. Ra4 Kg7 85. Re4 Rf1 86. Kd5 Kf7 87. Ke5 Rf5+ 88. Kd6 Kg7 89. Re7+ Kg8 90. Re5 Rf4 91. Ke6 Kg7 92. Ra5 Re4+ 93. Kd5 Rxh4 94. Ra7+ Kf8 95. Ke5 Rb4 96. Ra8+ Kf7 97. Ra7+ Kf8 98. Ra6 Kf7 99. Ra7+ Kf8 100. Ra8+ Kf7 101. Ra7+ Kf8 102. Ra6 Kf7 103. Ra7+ Kf8 104. Ra8+ Ke7 {Ke4} 1/2-1/2

[Event "25th Abu Dhabi Master 2018"]
[Site "Abu Dhabi"]
[Date "2018.08.08"]
[Round "2"]
[White "Rayes, Abdul Kader"]
[Black "Al Zaabi, Sultan"]
[Result "1-0"]
[ECO "D71"]
[WhiteElo "2242"]
[BlackElo "1945"]
[Annotator "NA"]
[PlyCount "77"]
[EventDate "2018.08.05"]
[EventType "swiss"]
[EventCountry "UAE"]
[SourceTitle "playchess.com"]
[Source "ChessBase"]
[SourceQuality "1"]
[TimeControl "5400+30"]

1. c4 Nf6 2. d4 g6 3. g3 c6 4. Nc3 d5 5. Bg2 Bg7 6. Nf3 O-O 7. O-O Ne4 8. Qb3 e6 9. Rd1 Qe7 10. Bf4 Nd7 11. Nxe4 dxe4 12. Ne5 f5 13. Nxd7 Qxd7 14. f3 exf3 15. Bxf3 Qe7 16. c5 Re8 17. Rac1 Bf6 18. e3 Kh8 19. Qc3 e5 20. Bxe5 Bxe5 21. dxe5 Be6 22. b3 Kg8 23. Kf2 Bf7 24. Rd6 Qxe5 25. Qd2 Be6 26. Rc3 Kg7 27. a3 Re7 28. b4 Rae8 29. a4 Rc8 30. Qd4 Qf6 31. b5 cxb5 32. axb5 Rcc7 33. Ra3 Qxd4 34. exd4 b6 35. Re3 Kf7 36. Rexe6 Rxe6 37. Bd5 bxc5 38. Rxe6 cxd4 39. Rc6+ 1-0

[Event "25th Abu Dhabi Master 2018"]
[Site "Abu Dhabi"]
[Date "2018.08.08"]
[Round "2"]
[White "Pranavananda, V."]
[Black "Sindarov, Javokhir"]
[Result "0-1"]
[ECO "E82"]
[WhiteElo "2232"]
[BlackElo "2488"]
[Annotator "ChessBase"]
[PlyCount "76"]
[EventDate "2018.08.05"]
[EventType "swiss"]
[EventCountry "UAE"]
[SourceTitle "playchess.com"]
[Source "ChessBase"]
[SourceQuality "1"]
[TimeControl "5400+30"]

1. d4 Nf6 2. c4 g6 3. Nc3 Bg7 4. e4 d6 5. f3 O-O 6. Be3 b6 7. Bd3 a6 8. Nge2 c5 9. e5 dxe5 10. dxe5 Nfd7 11. Be4 Ra7 12. f4 e6 13. h4 f5 14. Bf3 h5 15. Ng1 Qe7 16. Nh3 Rd8 17. Qe2 Qxh4+ 18. Bf2 Qe7 19. Ng1 Bh6 20. Bh4 g5 21. Bf2 Qg7 22. Rxh5 g4 23. Bh4 Bxf4 24. Bxd8 Qg6 25. Rh1 gxf3 26. Nxf3 Nc6 27. Bh4 Nd4 28. Nxd4 cxd4 29. Nd1 Nxe5 30. g3 d3 31. Qf2 Bh6 32. Qxb6 Qg4 33. Qd8+ Kh7 34. Nc3 d2+ 35. Kf1 Qf3+ 36. Kg1 Ng4 37. Nd1 Be3+ 38. Nxe3 Qf2# 0-1

[Event "25th Abu Dhabi Master 2018"]
[Site "Abu Dhabi"]
[Date "2018.08.08"]
[Round "2"]
[White "Vantika, Agrawal"]
[Black "Wagh, Suyog"]
[Result "0-1"]
[ECO "D11"]
[WhiteElo "2225"]
[BlackElo "2356"]
[Annotator "NA"]
[PlyCount "156"]
[EventDate "2018.08.05"]
[EventType "swiss"]
[EventCountry "UAE"]
[SourceTitle "playchess.com"]
[Source "ChessBase"]
[SourceQuality "1"]
[TimeControl "5400+30"]

1. d4 d5 2. c4 c6 3. Nf3 Nf6 4. e3 a6 5. Bd3 Bg4 6. Nbd2 e6 7. b3 Nbd7 8. Qc2 Bd6 9. Bb2 Qb8 10. O-O Bh5 11. h3 O-O 12. Ng5 Bg6 13. Bxg6 hxg6 14. e4 Bh2+ 15. Kh1 Bf4 16. Ndf3 Bxg5 17. Nxg5 Nxe4 18. Nxe4 dxe4 19. Qxe4 Re8 20. Rfd1 Qd6 21. a4 a5 22. Qe3 Qc7 23. Ba3 Rad8 24. Rac1 Qb6 25. Bd6 Nf6 26. Be5 Rd7 27. Qf3 Nh7 28. h4 Qd8 29. Qg4 Nf6 30. Qf4 Nh5 31. Qg4 Kh7 32. Rc3 f6 33. Bh2 f5 34. Qh3 Rxd4 35. Rcd3 Rxd3 36. Rxd3 Qf6 37. Qf3 Qxh4 38. Kg1 Qe7 39. Bd6 Qf7 40. Be5 Nf6 41. Qh3+ Kg8 42. Qh4 Nh5 43. f4 Qe7 44. Qxe7 Rxe7 45. Rd8+ Kh7 46. Ra8 g5 47. fxg5 Kg6 48. Rxa5 Kxg5 49. Bd6 Rd7 50. c5 Nf6 51. Ra7 Nd5 52. Kf2 Nb4 53. Ra8 e5 54. Ke3 e4 55. Kd4 Kg4 56. Kc4 Nd5 57. g3 Kf3 58. Re8 g5 59. b4 e3 60. b5 Kf2 61. Kd3 f4 62. gxf4 gxf4 63. Rh8 f3 64. a5 cxb5 65. Rh2+ Kg1 66. Rh6 f2 67. Rg6+ Kf1 68. Rh6 Kg1 69. Rg6+ Kf1 70. Rh6 Rg7 71. c6 Kg1 72. Bh2+ Kg2 73. cxb7 f1=Q+ 74. Ke4 Qc4+ 75. Ke5 Rxb7 76. a6 Re7+ 77. Kd6 Qc7+ 78. Kxd5 Qxh2 0-1

[Event "25th Abu Dhabi Master 2018"]
[Site "Abu Dhabi"]
[Date "2018.08.08"]
[Round "2"]
[White "Sharma, Dushyant"]
[Black "Tokhirjonova, Gulrukhbegim"]
[Result "1-0"]
[ECO "A45"]
[WhiteElo "2221"]
[BlackElo "2350"]
[Annotator "NA"]
[PlyCount "99"]
[EventDate "2018.08.05"]
[EventType "swiss"]
[EventCountry "UAE"]
[SourceTitle "playchess.com"]
[Source "ChessBase"]
[SourceQuality "1"]
[TimeControl "5400+30"]

1. d4 Nf6 2. Bf4 d5 3. e3 e6 4. Nf3 c5 5. c3 Nc6 6. Nbd2 Be7 7. Ne5 O-O 8. Bd3 Nd7 9. Bg3 Ndxe5 10. dxe5 a6 11. Nf3 b5 12. h4 h6 13. Bc2 c4 14. Bb1 f5 15. exf6 Bxf6 16. Qc2 e5 17. Qh7+ Kf7 18. Qg6+ Ke7 19. Qh5 Qd6 20. Bg6 Qe6 21. Rd1 Rd8 22. e4 Kf8 23. O-O d4 24. cxd4 exd4 25. e5 Be7 26. Ng5 Bxg5 27. hxg5 Qg4 28. gxh6 Qxh5 29. hxg7+ Kxg7 30. Bxh5 d3 31. Bh4 Rf8 32. f4 Nd4 33. Bf6+ Kh6 34. g4 Rg8 35. Kf2 Bxg4 36. Bf7 Bh3 37. Rh1 Rg2+ 38. Ke3 Nf5+ 39. Ke4 Re2+ 40. Kd5 Re3 41. Be6 Kg6 42. Rdg1+ Rg3 43. Bxf5+ Kxf5 44. Rxg3 Bg4 45. Rxg4 Kxg4 46. Ke4 Kg3 47. Ke3 Kg4 48. Rh8 Ra7 49. e6 Kf5 50. e7 1-0

[Event "25th Abu Dhabi Master 2018"]
[Site "Abu Dhabi"]
[Date "2018.08.08"]
[Round "2"]
[White "Adnan, Habib Hana"]
[Black "Zuo, Yifan"]
[Result "0-1"]
[ECO "A46"]
[WhiteElo "2220"]
[BlackElo "2334"]
[Annotator "NA"]
[PlyCount "94"]
[EventDate "2018.08.05"]
[EventType "swiss"]
[EventCountry "UAE"]
[SourceTitle "playchess.com"]
[Source "ChessBase"]
[SourceQuality "1"]
[TimeControl "5400+30"]

1. d4 Nf6 2. Nf3 e6 3. Bf4 c5 4. e3 b6 5. Nbd2 Bb7 6. Nc4 cxd4 7. Qxd4 Nc6 8. Nd6+ Bxd6 9. Qxd6 Ne4 10. Qd3 d5 11. Be2 O-O 12. O-O Qf6 13. c4 Qxb2 14. cxd5 exd5 15. Rfb1 Qf6 16. Rc1 Rad8 17. Rab1 h6 18. h3 Ba8 19. Qc2 Nc5 20. Bc7 Rc8 21. Bh2 d4 22. e4 Qe6 23. e5 d3 24. Bxd3 Nxd3 25. Qxd3 Nb4 26. Qb3 Nxa2 27. Rxc8 Rxc8 28. Qxe6 fxe6 29. Nd4 Bd5 30. Bf4 Nc3 31. Rc1 Rc4 32. Bd2 Rxd4 33. Bxc3 Rc4 34. Bb2 Rxc1+ 35. Bxc1 Kf7 36. f4 Ke8 37. Kf2 Kd7 38. g4 Be4 39. Ke3 Bg2 40. h4 g6 41. f5 exf5 42. gxf5 gxf5 43. Kf2 Bc6 44. Bxh6 Ke6 45. Bf4 Be8 46. Ke3 Kd5 47. Kd3 b5 {[%emt 0:01:47] Kd4+ Kxe5+} 0-1

[Event "25th Abu Dhabi Master 2018"]
[Site "Abu Dhabi"]
[Date "2018.08.08"]
[Round "2"]
[White "Samant, Aditya S"]
[Black "Aliyev, Ravan"]
[Result "1/2-1/2"]
[ECO "C95"]
[WhiteElo "2217"]
[BlackElo "2346"]
[Annotator "NA"]
[PlyCount "154"]
[EventDate "2018.08.05"]
[EventType "swiss"]
[EventCountry "UAE"]
[SourceTitle "playchess.com"]
[Source "ChessBase"]
[SourceQuality "1"]
[TimeControl "5400+30"]

1. e4 e5 2. Nf3 Nc6 3. Bb5 a6 4. Ba4 Nf6 5. O-O Be7 6. Re1 b5 7. Bb3 d6 8. c3 O-O 9. h3 Nb8 10. d4 Nbd7 11. Nbd2 Bb7 12. Bc2 Re8 13. Nf1 Bf8 14. Ng3 g6 15. a4 Bg7 16. b3 d5 17. dxe5 Nxe4 18. Nxe4 dxe4 19. Bg5 f6 20. exf6 Nxf6 21. Nd2 e3 22. Bxe3 Nd5 23. Ne4 Nxc3 24. Qxd8 Rexd8 25. Nc5 Bd5 26. Rac1 Re8 27. Bd3 Na2 28. Rcd1 Nc3 29. Rc1 Na2 30. Rcd1 bxa4 31. bxa4 Nc3 32. Rc1 a5 33. Na6 Rac8 34. Bd2 Rxe1+ 35. Bxe1 Nxa4 36. Rxc7 Rxc7 37. Nxc7 Nb2 38. Nxd5 Nxd3 39. Bxa5 Bd4 40. Bb6 Bxb6 41. Nxb6 Kf7 42. g3 Ke6 43. Nc4 Kd5 44. Nd2 Ke5 45. Kf1 Kf5 46. Ke2 Nc5 47. Ke3 h5 48. Nf3 Kf6 49. Ne1 Kf5 50. Nd3 Ne6 51. Nb4 Ng5 52. h4 Ne6 53. Nc6 Nc5 54. f3 Kf6 55. Nb4 Kf5 56. Nd5 Ke5 57. Nc3 Kf5 58. Ne4 Ne6 59. Nf2 Nc5 60. g4+ hxg4 61. fxg4+ Ke5 62. Nh3 Ne6 63. Ng1 Nc5 64. Nf3+ Kf6 65. Nd2 Ke5 66. Nc4+ Kf6 67. Kf3 Nd3 68. g5+ Ke6 69. Kg4 Nf2+ 70. Kg3 Nd3 71. Ne3 Ne5 72. Kf4 Nd3+ 73. Ke4 Nc5+ 74. Kd4 Nb3+ 75. Kc3 Nc5 76. Kc4 Ne4 77. Kd4 Nd2 1/2-1/2